| TOP OF THE 1ST |
|
Louisville Bats batting - Pitching for Oklahoma City Dodgers : RHP Jim Ruleman
|
|
Pitching: RHP Jim Ruleman
|
|
|
Batting: RHB Willie Lazcano
|
0-0: Called Strike 0-1: Called Strike 0-2: SINGLE (Flyball, 7LS, EV 91.2 MPH)
|
|
Batting: SHB Paul Sandoval
|
0-0: Ball 1-0: Fielders Choice at 2nd, 4-6 (Groundball, 34D, EV 83.8 MPH)
|
|
Batting: LHB Randy Racine
|
0-0: Ball 1-0: Called Strike Paul Sandoval steals 2nd base (no throw) 1-1: Ball 2-1: Called Strike 2-2: Foul Ball, location: 2F 2-2: Reached on error, E3 (Groundball, 3, EV 85.0 MPH) Paul Sandoval to third
|
|
Batting: SHB Freddie Farrar
|
0-0: Called Strike 0-1: Called Strike 0-2: Ball 1-2: Foul Ball, location: 2F 1-2: Foul Ball, location: 2F 1-2: Ball 2-2: SINGLE (Flyball, 7LS, EV 93.8 MPH) Paul Sandoval scores Randy Racine to second
|
|
Batting: SHB Tim Utz
|
0-0: Ball 1-0: Ball 2-0: Ball 3-0: Called Strike 3-1: Fly out, F9 (Flyball, 89S, EV 90.6 MPH)
|
|
Batting: RHB Danny Real
|
0-0: DOUBLE (Line Drive, 8LXD, EV 102.5 MPH) Randy Racine scores Freddie Farrar to third
|
|
Batting: RHB Estanislau Gosendes
|
0-0: Ball 1-0: Ball 2-0: Ground out 6-3 (Groundball, 56D, EV 105.6 MPH)
|
| Top of the 1st over - 2 runs, 3 hits, 1 error, 2 left on base; Louisville 2 - Oklahoma City 0 |
| BOTTOM OF THE 1ST |
|
Oklahoma City Dodgers batting - Pitching for Louisville Bats : RHP Ragnar Alqvist
|
|
Pitching: RHP Ragnar Alqvist
|
|
|
Batting: RHB Nate Taylor
|
0-0: Called Strike 0-1: Ground out 6-3 (Groundball, 6, EV 81.9 MPH)
|
|
Batting: LHB Alex Ramos
|
0-0: Foul Ball, location: 2F 0-1: Ground out 1-3 (Groundball, 13S, EV 68.8 MPH)
|
|
Batting: LHB James Betron
|
0-0: Ball 1-0: Ball 2-0: Ball 3-0: Base on Balls
|
|
Batting: RHB John Manocchio
|
0-0: Foul Ball, location: 2F 0-1: Called Strike 0-2: Ball 1-2: Strikes out swinging
|
| Bottom of the 1st over - 0 runs, 0 hits, 0 errors, 1 left on base; Louisville 2 - Oklahoma City 0 |
| TOP OF THE 2ND |
|
Louisville Bats batting - Pitching for Oklahoma City Dodgers : RHP Jim Ruleman
|
|
Batting: RHB Gerald de Vries
|
0-0: Swinging Strike 0-1: Ball 1-1: Foul Ball, location: 2F 1-2: Foul Ball, location: 2F 1-2: Ground out 4-3 (Groundball, 4M, EV 103.1 MPH)
|
|
Batting: RHB Yasusaburo Kuwahara
|
0-0: Foul Ball, location: 2F 0-1: Ball 1-1: Ball 2-1: Called Strike 2-2: Fly out, F3 (Popup, 3SF, EV 76.9 MPH)
|
|
Batting: RHB Willie Lazcano
|
0-0: Called Strike 0-1: Ball 1-1: Ball 2-1: Ground out 4-3 (Groundball, 4, EV 86.9 MPH)
|
| Top of the 2nd over - 0 runs, 0 hits, 0 errors, 0 left on base; Louisville 2 - Oklahoma City 0 |
| BOTTOM OF THE 2ND |
|
Oklahoma City Dodgers batting - Pitching for Louisville Bats : RHP Ragnar Alqvist
|
|
Batting: RHB Justin Anastasio
|
0-0: Foul Ball, location: 2F 0-1: Fly out, F4 (Popup, 4, EV 50.6 MPH)
|
|
Batting: RHB Armando Galindo
|
0-0: Fly out, F8 (Flyball, 8RS, EV 91.9 MPH)
|
|
Batting: RHB Tim Adams
|
0-0: Ball 1-0: Ball 2-0: Called Strike 2-1: Foul Ball, location: 2F 2-2: Foul Ball, location: 2F 2-2: Ball 3-2: Strikes out swinging
|
| Bottom of the 2nd over - 0 runs, 0 hits, 0 errors, 0 left on base; Louisville 2 - Oklahoma City 0 |
| TOP OF THE 3RD |
|
Louisville Bats batting - Pitching for Oklahoma City Dodgers : RHP Jim Ruleman
|
|
Batting: SHB Paul Sandoval
|
0-0: Called Strike 0-1: Ball 1-1: Ball 2-1: Ball 3-1: SINGLE (Groundball, 6MD, EV 96.9 MPH)
|
|
Batting: LHB Randy Racine
|
0-0: Called Strike Paul Sandoval steals 2nd base 0-1: SINGLE (Groundball, 5D, EV 98.1 MPH) Paul Sandoval to third Runner from 3rd tries for Home, SAFE, throw by LF to home Randy Racine to second
|
|
Batting: SHB Freddie Farrar
|
0-0: Called Strike 0-1: Ball 1-1: Ball 2-1: SINGLE (Groundball, 6D, EV 109.4 MPH) Randy Racine to third Runner from 3rd tries for Home, SAFE, throw by LF to home
|
|
Pitching: RHP Jason Englert
|
|
|
Batting: SHB Tim Utz
|
0-0: Foul Ball, location: 2F 0-1: Foul Ball, location: 2F 0-2: Ground out U3 (Groundball, 3, EV 94.4 MPH) Freddie Farrar to second
|
|
Batting: RHB Danny Real
|
0-0: Ball 1-0: Ball 2-0: Ball Passed Ball! Freddie Farrar to third 3-0: Called Strike 3-1: Base on Balls
|
|
Batting: RHB Estanislau Gosendes
|
0-0: Ball 1-0: Foul Ball, location: 2F 1-1: Called Strike 1-2: Strikes out swinging
|
|
Batting: RHB Gerald de Vries
|
0-0: Ball Danny Real steals 2nd base (no throw) 1-0: Ground out 4-3 (Groundball, 4, EV 103.8 MPH)
|
| Top of the 3rd over - 2 runs, 3 hits, 0 errors, 2 left on base; Louisville 4 - Oklahoma City 0 |
| BOTTOM OF THE 3RD |
|
Oklahoma City Dodgers batting - Pitching for Louisville Bats : RHP Ragnar Alqvist
|
|
Batting: RHB Matt Robert
|
0-0: Ball 1-0: Ball 2-0: Swinging Strike 2-1: Foul Ball, location: 2F 2-2: Ball 3-2: Foul Ball, location: 2F 3-2: Base on Balls
|
|
Batting: RHB Mike Moore
|
0-0: Called Strike Matt Robert steals 2nd base 0-1: Ball 1-1: Ball 2-1: Fly out, F8 (Flyball, 8RD, EV 103.1 MPH)
|
|
Batting: RHB Nate Taylor
|
0-0: Called Strike Matt Robert steals 3rd base 0-1: Foul Ball, location: 2F 0-2: Ball 1-2: Ball 2-2: Strikes out swinging
|
|
Batting: LHB Alex Ramos
|
0-0: Called Strike 0-1: Fly out, F9 (Flyball, 9, EV 89.4 MPH)
|
| Bottom of the 3rd over - 0 runs, 0 hits, 0 errors, 1 left on base; Louisville 4 - Oklahoma City 0 |
| TOP OF THE 4TH |
|
Louisville Bats batting - Pitching for Oklahoma City Dodgers : RHP Jason Englert
|
|
Batting: RHB Yasusaburo Kuwahara
|
0-0: Called Strike 0-1: Foul Ball, location: 2F 0-2: Strikes out swinging
|
|
Batting: RHB Willie Lazcano
|
0-0: Ball 1-0: Called Strike 1-1: Ball 2-1: Foul Ball, location: 2F 2-2: Strikes out swinging
|
|
Batting: SHB Paul Sandoval
|
0-0: SINGLE (Line Drive, 9S, EV 99.4 MPH)
|
|
Batting: LHB Randy Racine
|
0-0: Called Strike 0-1: Called Strike 0-2: Ball 1-2: Ball 2-2: Ball 3-2: SINGLE (Groundball, 4MD, EV 101.9 MPH) Paul Sandoval to second Paul Sandoval to third
|
|
Batting: SHB Freddie Farrar
|
0-0: Called Strike 0-1: Ball 1-1: Ball 2-1: Ball 3-1: Ground out 4-3 (Groundball, 4D, EV 106.9 MPH)
|
| Top of the 4th over - 0 runs, 2 hits, 0 errors, 2 left on base; Louisville 4 - Oklahoma City 0 |
| BOTTOM OF THE 4TH |
|
Oklahoma City Dodgers batting - Pitching for Louisville Bats : RHP Ragnar Alqvist
|
|
Batting: LHB James Betron
|
0-0: Called Strike 0-1: Ground out 6-3 (Groundball, P, EV 88.1 MPH)
|
|
Batting: RHB John Manocchio
|
0-0: Ground out 4-3 (Groundball, 4, EV 103.8 MPH)
|
|
Batting: RHB Justin Anastasio
|
0-0: Swinging Strike 0-1: Foul Ball, location: 2F 0-2: Strikes out swinging
|
| Bottom of the 4th over - 0 runs, 0 hits, 0 errors, 0 left on base; Louisville 4 - Oklahoma City 0 |
| TOP OF THE 5TH |
|
Louisville Bats batting - Pitching for Oklahoma City Dodgers : RHP Jason Englert
|
|
Batting: SHB Tim Utz
|
0-0: Ball 1-0: Called Strike 1-1: Ball 2-1: Foul Ball, location: 2F 2-2: Foul Ball, location: 2F 2-2: Ball 3-2: Foul Ball, location: 2F 3-2: Fly out, F9 (Flyball, 9S, EV 88.1 MPH)
|
|
Batting: RHB Danny Real
|
0-0: Called Strike 0-1: Foul Ball, location: 2F 0-2: Foul Ball, location: 2F 0-2: Strikes out swinging
|
|
Batting: RHB Estanislau Gosendes
|
0-0: Ball 1-0: SINGLE (Groundball, 34D, EV 94.4 MPH)
|
|
Pitching: RHP Ludo Argo
|
|
|
Batting: RHB Gerald de Vries
|
0-0: Ball 1-0: Fly out, F9 (Flyball, 9S, EV 90.6 MPH)
|
| Top of the 5th over - 0 runs, 1 hit, 0 errors, 1 left on base; Louisville 4 - Oklahoma City 0 |
| BOTTOM OF THE 5TH |
|
Oklahoma City Dodgers batting - Pitching for Louisville Bats : RHP Ragnar Alqvist
|
|
Batting: RHB Armando Galindo
|
0-0: Called Strike 0-1: Ball 1-1: Ball 2-1: Swinging Strike 2-2: Foul Ball, location: 2F 2-2: Foul Ball, location: 2F 2-2: Ball 3-2: Strikes out swinging
|
|
Batting: RHB Tim Adams
|
0-0: DOUBLE (Flyball, 8LXD, EV 108.1 MPH)
|
|
Batting: RHB Matt Robert
|
0-0: Ball 1-0: Foul Ball, location: 2F 1-1: Ball 2-1: Ground out 6-3 (Groundball, 6S, EV 65.6 MPH) Tim Adams to third
|
|
Batting: RHB Mike Moore
|
0-0: Called Strike 0-1: Swinging Strike 0-2: Foul Ball, location: 2F 0-2: Ball 1-2: Ball 2-2: Foul Ball, location: 2F 2-2: Strikes out swinging
|
| Bottom of the 5th over - 0 runs, 1 hit, 0 errors, 1 left on base; Louisville 4 - Oklahoma City 0 |
| TOP OF THE 6TH |
|
Louisville Bats batting - Pitching for Oklahoma City Dodgers : RHP Ludo Argo
|
|
Batting: RHB Yasusaburo Kuwahara
|
0-0: Called Strike 0-1: Ball 1-1: Foul Ball, location: 2F 1-2: Foul Ball, location: 2F 1-2: Strikes out swinging
|
|
Batting: RHB Willie Lazcano
|
0-0: Fly out, F6 (Popup, 6D, EV 53.8 MPH)
|
|
Batting: SHB Paul Sandoval
|
0-0: Ball 1-0: Ball 2-0: DOUBLE (Flyball, 89D, EV 96.2 MPH)
|
|
Batting: LHB Randy Racine
|
0-0: Foul Ball, location: 2F 0-1: Ball 1-1: Ball 2-1: Ball 3-1: Swinging Strike 3-2: Base on Balls
|
|
Batting: SHB Freddie Farrar
|
0-0: Ball 1-0: Swinging Strike 1-1: Foul Ball, location: 2F 1-2: Ball 2-2: Foul Ball, location: 2F 2-2: Ball 3-2: Ground out 6-3 (Groundball, 6, EV 101.9 MPH)
|
| Top of the 6th over - 0 runs, 1 hit, 0 errors, 2 left on base; Louisville 4 - Oklahoma City 0 |
| BOTTOM OF THE 6TH |
|
Oklahoma City Dodgers batting - Pitching for Louisville Bats : RHP Ragnar Alqvist
|
|
Batting: RHB Nate Taylor
|
0-0: Called Strike 0-1: SINGLE (Groundball, 4MD, EV 105.0 MPH)
|
|
DELAY
|
Rain delay of 21 minutes in the 6th inning.
|
|
Batting: LHB Alex Ramos
|
0-0: Called Strike 0-1: Ball 1-1: Foul Ball, location: 2F 1-2: Foul Ball, location: 2F 1-2: Grounds into double play, 4-6-3 (Groundball, 4, EV 103.1 MPH)
|
|
Batting: LHB James Betron
|
0-0: Ball 1-0: Ground out 4-3 (Groundball, 4, EV 106.9 MPH)
|
| Bottom of the 6th over - 0 runs, 1 hit, 0 errors, 0 left on base; Louisville 4 - Oklahoma City 0 |
| TOP OF THE 7TH |
|
Louisville Bats batting - Pitching for Oklahoma City Dodgers : RHP Ludo Argo
|
|
Pitching: RHP Eddie Mosley
|
|
|
Batting: SHB Tim Utz
|
0-0: Ground out 4-3 (Groundball, 4, EV 98.8 MPH)
|
|
Batting: RHB Danny Real
|
0-0: Ball 1-0: Ground out 6-3 (Groundball, 6, EV 88.1 MPH)
|
|
Batting: RHB Estanislau Gosendes
|
0-0: Foul Ball, location: 2F 0-1: Ground out 5-3 (Groundball, 5, EV 90.0 MPH)
|
| Top of the 7th over - 0 runs, 0 hits, 0 errors, 0 left on base; Louisville 4 - Oklahoma City 0 |
| BOTTOM OF THE 7TH |
|
Oklahoma City Dodgers batting - Pitching for Louisville Bats : RHP Ragnar Alqvist
|
|
Batting: RHB John Manocchio
|
0-0: Foul Ball, location: 2F 0-1: Fly out, F9 (Flyball, 9, EV 93.8 MPH)
|
|
Batting: RHB Justin Anastasio
|
0-0: Swinging Strike 0-1: Ball 1-1: Foul Ball, location: 2F 1-2: Strikes out swinging
|
|
Batting: RHB Armando Galindo
|
0-0: Foul Ball, location: 2F 0-1: Ball 1-1: Swinging Strike 1-2: Strikes out swinging, 2-3 out at first.
|
| Bottom of the 7th over - 0 runs, 0 hits, 0 errors, 0 left on base; Louisville 4 - Oklahoma City 0 |
| TOP OF THE 8TH |
|
Louisville Bats batting - Pitching for Oklahoma City Dodgers : RHP Eddie Mosley
|
|
Batting: RHB Gerald de Vries
|
0-0: Foul Ball, location: 2F 0-1: SINGLE (Groundball, 15S, EV 75.0 MPH) (infield hit)
|
|
Batting: RHB Yasusaburo Kuwahara
|
0-0: Ball 1-0: Called Strike 1-1: Ball 2-1: Foul Ball, location: 2F 2-2: Strikes out swinging
|
|
Batting: RHB Willie Lazcano
|
0-0: Ball 1-0: Foul Ball, location: 2F 1-1: Ball 2-1: Ball 3-1: Base on Balls Gerald de Vries to second
|
|
Batting: SHB Paul Sandoval
|
0-0: Called Strike 0-1: SINGLE (Line Drive, 78S, EV 97.5 MPH) Gerald de Vries to third Willie Lazcano to second
|
|
Batting: LHB Randy Racine
|
0-0: Ball 1-0: Called Strike 1-1: Fly out, F7 (Flyball, 78M, EV 73.1 MPH) Runner from 3rd tags up, SCORES, throw by LF Willie Lazcano to third
|
|
Batting: SHB Freddie Farrar
|
0-0: Ball 1-0: SINGLE (Line Drive, 5D, EV 100.6 MPH) Willie Lazcano scores Paul Sandoval to second
|
|
Batting: SHB Tim Utz
|
0-0: Ball 1-0: Fly out, F9 (Flyball, 9S, EV 85.0 MPH)
|
| Top of the 8th over - 2 runs, 3 hits, 0 errors, 2 left on base; Louisville 6 - Oklahoma City 0 |
| BOTTOM OF THE 8TH |
|
Oklahoma City Dodgers batting - Pitching for Louisville Bats : RHP Ragnar Alqvist
|
|
Batting: RHB Tim Adams
|
0-0: Ball 1-0: Ball 2-0: Called Strike 2-1: Foul Ball, location: 2F 2-2: Foul Ball, location: 2F 2-2: Foul Ball, location: 2F 2-2: Ball 3-2: Ground out 1-3 (Groundball, 34S, EV 71.9 MPH)
|
|
Pitching: RHP Tyrese Barnett
|
|
|
Batting: RHB Matt Robert
|
0-0: Ball 1-0: Swinging Strike 1-1: Ball 2-1: Swinging Strike 2-2: Foul Ball, location: 2F 2-2: Ball 3-2: Base on Balls
|
|
Batting: RHB Mike Moore
|
0-0: Ball 1-0: Ball 2-0: Called Strike 2-1: Swinging Strike 2-2: Strikes out swinging
|
|
Batting: RHB Nate Taylor
|
0-0: Ball 1-0: Foul Ball, location: 2F 1-1: Ball 2-1: Swinging Strike 2-2: Strikes out swinging
|
| Bottom of the 8th over - 0 runs, 0 hits, 0 errors, 1 left on base; Louisville 6 - Oklahoma City 0 |
| TOP OF THE 9TH |
|
Louisville Bats batting - Pitching for Oklahoma City Dodgers : RHP Eddie Mosley
|
|
Batting: RHB Danny Real
|
0-0: Ball 1-0: Foul Ball, location: 2F 1-1: Called Strike 1-2: Ball 2-2: Strikes out swinging
|
|
Batting: RHB Estanislau Gosendes
|
0-0: Called Strike 0-1: Swinging Strike 0-2: SINGLE (Groundball, 56, EV 107.5 MPH)
|
|
Pitching: RHP Alex Aguilar
|
|
|
Batting: RHB Gerald de Vries
|
0-0: Ball 1-0: Called Strike 1-1: Ball 2-1: Foul Ball, location: 2F 2-2: SINGLE (Groundball, 34S, EV 75.0 MPH) (infield hit) Estanislau Gosendes to second
|
|
Batting: RHB Yasusaburo Kuwahara
|
0-0: Ball 1-0: Ball 2-0: Called Strike 2-1: DOUBLE (Line Drive, 7LM, EV 100.0 MPH) Estanislau Gosendes scores Gerald de Vries to third
|
|
Batting: RHB Willie Lazcano
|
0-0: Called Strike 0-1: Ball 1-1: Foul Ball, location: 2F 1-2: Reached via error on a dropped throw from 1B, E1 (Groundball, 34S, EV 94.4 MPH) Gerald de Vries scores Yasusaburo Kuwahara to third
|
|
Batting: SHB Paul Sandoval
|
0-0: Called Strike 0-1: SINGLE (Groundball, 34S, EV 66.9 MPH) (infield hit) Willie Lazcano to second
|
|
Batting: LHB Randy Racine
|
0-0: Ball 1-0: Ground out 4-3 (Groundball, 4S, EV 73.1 MPH) Yasusaburo Kuwahara scores Willie Lazcano to third Paul Sandoval to second
|
|
Batting: SHB Freddie Farrar
|
0-0: Foul Ball, location: 2F 0-1: Called Strike 0-2: Strikes out swinging
|
| Top of the 9th over - 3 runs, 4 hits, 1 error, 2 left on base; Louisville 9 - Oklahoma City 0 |
| BOTTOM OF THE 9TH |
|
Oklahoma City Dodgers batting - Pitching for Louisville Bats : RHP Tyrese Barnett
|
|
Pinch Hitting: RHB Terry Jarrells
|
0-0: Ball 1-0: Foul Ball, location: 2F 1-1: Swinging Strike 1-2: DOUBLE (Groundball, 5L, EV 100.6 MPH)
|
|
Batting: LHB James Betron
|
0-0: Swinging Strike 0-1: Ball 1-1: Ball 2-1: Foul Ball, location: 2F 2-2: Ground out 6-3 (Groundball, 6M, EV 83.8 MPH) Terry Jarrells to third
|
|
Pinch Hitting: RHB Mike Brickey
|
0-0: Called Strike 0-1: Ball 1-1: Called Strike 1-2: Strikes out swinging
|
|
Pinch Hitting: RHB Travis Bradfute
|
0-0: Ball 1-0: Ball 2-0: Foul Ball, location: 2F 2-1: Foul Ball, location: 2F 2-2: Ground out 6-3 (Groundball, 6S, EV 69.4 MPH)
|
| Bottom of the 9th over - 0 runs, 1 hit, 0 errors, 1 left on base; Louisville 9 - Oklahoma City 0 |
|